 Dungeon Crawl Stone Soup version 0.21.1-1-g345015fe64 (webtiles) character file.

680 Mrkan the Basher (level 7, 0/64 HPs)
             Began as a Minotaur Fighter on May 10, 2018.
             Was a Follower of Okawaru.
             Slain by an ogre
             ... wielding a +0 giant club
              (10 damage)
             ... on level 4 of the Dungeon.
             The game lasted 00:07:47 (3137 turns).

Mrkan the Basher (Minotaur Fighter)                 Turns: 3137, Time: 00:07:48

Health: 0/64       AC: 10    Str: 20 (21) XL:     7   Next: 34%
Magic:  6/6        EV:  7    Int:  3 (5)  God:    Okawaru [*.....]
Gold:   199        SH:  9    Dex: 14 (16) Spells: 6/6 levels left

rFire    . . .     SeeInvis .   a - +1 flail
rCold    . . .     Gourm    .   c - +0 shield
rNeg     . . .     Faith    .   b - +0 scale mail
rPois    .         Spirit   .   (helmet restricted)
rElec    .         Reflect  .   (no cloak)
rCorr    .         Harm     .   u - +2 pair of gloves {archery}
MR       .....                  (no boots)
Stlth    ..........             (no amulet)
HPRegen  0.20/turn              r - +5 ring of dexterity
MPRegen  0.10/turn              (no ring)

@: lethally poisoned (0 -> -1), starving
A: retaliatory headbutt, horns 2
a: Heroism, Renounce Religion


You were on level 4 of the Dungeon.
You worshipped Okawaru.
Okawaru was aware of your devotion.
You were starving.

You visited 1 branch of the dungeon, and saw 4 of its levels.

You collected 199 gold pieces.

Inventory:

Hand Weapons
 a - a +1 flail (weapon)
Armour
 b - a +0 scale mail (worn)
 c - a +0 shield (worn)
 u - a +2 pair of gloves of archery (worn)
Jewellery
 g - an uncursed ring of protection from fire
 k - an uncursed ring of positive energy {unknown}
 r - a +5 ring of dexterity (left hand)
 w - an uncursed ring of protection from fire
 z - an uncursed ring of stealth
Wands
 p - a wand of flame (13)
 y - a wand of digging (8)
Scrolls
 e - a scroll of enchant weapon
 i - a scroll of identify
 j - 2 scrolls of teleportation
 l - a scroll of remove curse {unknown}
 n - a scroll of amnesia
 v - a scroll of immolation {unknown}
 B - a scroll of magic mapping {unknown}
Potions
 d - a potion of might
 h - a potion of brilliance {unknown}
 m - a potion of flight
 o - a potion of mutation {unknown}
 q - a potion of agility {unknown}
 s - a potion of haste
 t - a potion of curing {unknown}
Miscellaneous
 A - a lamp of fire
Comestibles
 f - 2 rations


   Skills:
 + Level 6.6 Fighting
 * Level 8.3 Maces & Flails
 - Level 3.6 Armour
 - Level 3.6 Shields


You had 6 spell levels left.
You didn't know any spells.

Dungeon Overview and Level Annotations

Branches:
Dungeon (4/15)
 Temple: D:4-7

Altars:
Fedhas
Okawaru
Vehumet
Zin


Innate Abilities, Weirdness & Mutations

You reflexively headbutt those who attack you in melee.
You have a pair of horns on your head.


Message History

You feel sick. The ogre hits you with a giant club!!
* * * LOW HITPOINT WARNING * * *
The orc wizard gestures wildly while chanting.
The orc wizard blinks!
Things that are here:
a hand axe; a leather armour; an orc corpse You hit the ogre.
The ogre is lightly wounded.
You block the ogre's attack.
You barely miss the ogre.
The ogre is lightly wounded.
The orc wizard mumbles some strange words.
The orc wizard flickers and vanishes!
Deactivating autopickup; reactivate with Ctrl-A.
The ogre hits you with a giant club.
* * * LOW HITPOINT WARNING * * *
You sock the ogre! Your headbutt misses the ogre.
The ogre is heavily wounded.
The ogre hits you with a giant club!
You die...

♣...[ ...# .
♣....# ..<##.
♣.....# >....
♣../o.. ...#
♣.....$ ...#.##
....oo{#.......
?o..o.Zo.#
..##oo#O## #.o
#@# o.. #.# ...
##.# .. #..# #
##.## #..# #.##
#.# .#### #.#
#....


You could see an ogre, 3 orcs and an adder skeleton.

Vanquished Creatures
  The ghost of kalodont the Sneak, an amateur KoEn of Elyvilon (D:4)
  A phantom (D:4)
  A bullfrog (D:4)
  A crimson imp (D:3)
  An orc priest (D:4)
  Terence (D:3)
  Jessica (D:2)
  Natasha (thrice) (D:2)
  3 worker ants
  A gnoll (D:3)
  4 adders (D:2)
  2 worms (D:3)
  A dart slug (D:2)
  4 leopard geckos
  2 orcs (D:4)
  3 bats
  3 giant cockroaches
  5 goblins
  4 hobgoblins
  11 jackals
  A quokka (D:2)
  3 frilled lizards
  3 kobolds
  2 rats
62 creatures vanquished.

Notes
Turn   | Place    | Note
-------+----------+-------------------------------------------
     0 | D:1      | Mrkan the Minotaur Fighter began the quest for the Orb.
     0 | D:1      | Reached XP level 1. HP: 19/19 MP: 0/0
   214 | D:1      | Reached skill level 3 in Maces & Flails
   215 | D:1      | Reached XP level 2. HP: 27/27 MP: 1/1
   753 | D:2      | Noticed Natasha
   757 | D:2      | Reached XP level 3. HP: 33/33 MP: 2/2
   762 | D:2      | Killed Natasha
   762 | D:2      | Reached skill level 4 in Maces & Flails
   946 | D:2      | Reached XP level 4. HP: 26/41 MP: 3/3
  1097 | D:2      | Noticed Natasha
  1098 | D:2      | Found an iron altar of Okawaru.
  1101 | D:2      | Killed Natasha
  1120 | D:2      | Became a worshipper of Warmaster Okawaru
  1126 | D:2      | Reached skill level 5 in Maces & Flails
  1138 | D:2      | Noticed Jessica
  1148 | D:2      | Killed Jessica
  1347 | D:2      | Reached XP level 5. HP: 44/47 MP: 4/4
  1372 | D:2      | Noticed Natasha
  1378 | D:2      | Killed Natasha
  1378 | D:2      | Reached skill level 5 in Fighting
  1575 | D:3      | Found a blossoming altar of Fedhas.
  1578 | D:3      | Found a radiant altar of Vehumet.
  1586 | D:3      | Found a glowing silver altar of Zin.
  1694 | D:3      | Noticed Terence
  1711 | D:3      | Killed Terence
  1711 | D:3      | Reached skill level 6 in Maces & Flails
  2008 | D:3      | Reached XP level 6. HP: 41/56 MP: 5/5
  2576 | D:4      | Noticed kalodont's ghost (amateur KoEn)
  2599 | D:4      | Killed kalodont's ghost
  2599 | D:4      | Reached * piety under Okawaru
  2599 | D:4      | Reached skill level 7 in Maces & Flails
  2965 | D:4      | Reached XP level 7. HP: 40/63 MP: 6/6
  3122 | D:4      | Reached skill level 8 in Maces & Flails
  3137 | D:4      | Slain by an ogre

Skill      XL: |  1  2  3  4  5  6  7 |
---------------+----------------------+-----
Maces & Flails | 3 4 5 6 7 8 |  8.3
Fighting       | 4 5 6 |  6.6
Armour         | |  3.6
Shields        | |  3.6

Action                   |  1- 3 |  4- 6 |  7- 9 || total
-------------------------+-------+-------+-------++-------
Melee: Flail             |    66 |   138 |    36 ||   240
       Headbutt          |     6 |    24 |    10 ||    40
  Use: Scroll            |       |     7 |       ||     7
       Potion            |       |     6 |       ||     6
  Eat: Chunk             |       |     5 |       ||     5
Armor: Scale mail        |    37 |    50 |    18 ||   105
Dodge: Dodged            |    19 |    47 |    10 ||    76
Block: Shield            |    42 |    74 |    18 ||   134
